 Dungeon Crawl Stone Soup version 0.29.1-13-g9f3cf754e1 (webtiles) character file.

Game seed: 17292165050281732382

37 MisterFreud the Twirler (level 3, -1/27 HPs)
             Began as a Formicid Gladiator on Jan 31, 2023.
             Slain by a gnoll
             ... wielding a +0 whip
              (4 damage)
             ... on level 2 of the Dungeon.
             The game lasted 00:01:13 (1295 turns).

MisterFreud the Twirler (Formicid Gladiator)        Turns: 1295, Time: 00:01:13

Health: -1/27      AC:  4    Str: 20    XL:     3   Next: 60%
Magic:  3/3        EV: 12    Int:  7    God:
Gold:   39         SH:  0    Dex: 15    Spells: 2/2 levels left

rFire   . . .      SeeInvis +   a - +0 quarterstaff (vorpal)
rCold   . . .      Faith    .   (no shield)
rNeg    . . .      Spirit   .   b - +0 leather armour
rPois   .          Reflect  .   (helmet unavailable)
rElec   .          Harm     .   e - +0 cloak
rCorr   .          Rampage  .   (no gloves)
Will    .....                   (no boots)
Stlth   +.........              (no amulet)
HPRegen 0.09/turn               (no ring)
MPRegen 0.08/turn               (no ring)

@: no status effects
A: permanent stasis, dig shafts and tunnels, antennae 3, four strong arms
a: Dig, Shaft Self


You were on level 2 of the Dungeon.
You visited 1 branch of the dungeon, and saw 2 of its levels.

You collected 39 gold pieces.

Inventory:

Hand Weapons
 a - a +0 vorpal quarterstaff (weapon)
Missiles
 c - 3 throwing nets (quivered)
 d - a javelin
Armour
 b - a +0 leather armour (worn)
 e - a +0 cloak (worn)
Potions
 f - 2 potions of curing
 i - a potion of brilliance
 j - a potion of might {unknown}


   Skills:
 - Level 2.1 Fighting
 + Level 4.3 Staves
 - Level 2.0 Throwing
 - Level 2.6 Dodging


You had 2 spell levels left.
You didn't know any spells.
Your spell library contained the following spells:

 Spells                   Type           Power      Damage    Failure   Level
 Inner Flame              Hex/Fire       0%         N/A       86%         3
 Cause Fear               Hex            0%         N/A       99%         4
 Discord                  Hex            0%         N/A       100%        8


Dungeon Overview and Level Annotations

Branches:
Dungeon (2/15)

Altars:


Innate Abilities, Weirdness & Mutations

You cannot be hasted, slowed, berserked, paralysed or teleported.
You can dig through walls and to a lower floor.
You have a pair of large antennae on your head. (SInv)
Your four strong arms can wield two-handed weapons with a shield.


Message History

Found a stone staircase leading down.
The kobold hits you but does no damage.
A kobold is nearby!
You hit the kobold but do no damage. The kobold barely misses you.
A kobold is nearby!
You hit the kobold.
You kill the kobold!
No target in view!
You sense a monster nearby.
No target in view!
You sense a monster nearby.
No target in view! 3 gnolls come into view.
The gnoll shouts! x2
The gnoll moves out of view.
The gnoll hits you but does no damage.
There are monsters nearby!
You hit the gnoll.
The gnoll is moderately wounded.
The gnoll barely misses you.
There are monsters nearby!
You hit the gnoll.
The gnoll is almost dead.
The gnoll hits you with a +0 club.
You barely miss the gnoll.
The gnoll is almost dead.
The gnoll misses you. The gnoll hits you with a +0 club.
You thump the gnoll!
You kill the gnoll!
The gnoll misses you.
You hit the gnoll.
The gnoll is heavily wounded.
The gnoll hits you from afar with a +0 spear.
The gnoll hits you with a +0 whip!
* * * LOW HITPOINT WARNING * * *
The gnoll barely misses you.
The gnoll hits you from afar with a +0 spear.
* * * LOW HITPOINT WARNING * * *
The gnoll attacks as you move away! The gnoll hits you with a +0 whip.
You die...

######### # #.......#
# #.#####.#
#############.#####.#
................>...#
..######......##.#..#
..# #.........#..#
..# #.....##.@#..#
..# #..)..##.g#).####
..# #.....#...g.....#
..# #.....##..#####.#
..# #.....##..# ###
#.....###.# #######
#.# #.# #.#


You could see 2 gnolls.

Vanquished Creatures
  A gnoll (D:2)
  2 ball pythons (D:1)
  3 endoplasms (D:1)
  A giant cockroach (D:1)
  3 goblins
  3 hobgoblins
  2 jackals (D:1)
  A quokka (D:1)
  A bat (D:2)
  3 frilled lizards (D:1)
  2 kobolds
  2 rats (D:1)
24 creatures vanquished.

Notes
Turn   | Place    | Note
-------+----------+-------------------------------------------
     0 | D:1      | MisterFreud the Formicid Gladiator began the quest for the
                  | Orb.
     0 | D:1      | Reached XP level 1. HP: 16/16 MP: 1/1
   262 | D:1      | You fall into a shaft and drop 1 floor!
   578 | D:2      | Reached XP level 2. HP: 22/22 MP: 2/2
   822 | D:1      | Found a faded altar of an unknown god.
   850 | D:1      | Reached skill level 4 in Staves
   850 | D:1      | Reached XP level 3. HP: 22/27 MP: 3/3
  1295 | D:2      | Slain by a gnoll

Illustrated notes

Levels and vault maps discovered:
D:1:      minmay_arrival_solitary_statue, layout_loops_cross,
          hellmonk_ecumenical_altar_arch_garden
D:2:      layout_basic, serial_glass, glass_columns_a, glass_columns_a,
          glass_columns_b, glass_columns_a

Skill      XL: |  1  2 |
---------------+-------+-----
Staves         | 4 |  4.3
Fighting       | |  2.1
Throwing       | |  2.0
Dodging        | |  2.6

Action                   || total
-------------------------++-------
Melee: Quarterstaff      ||    52
 Abil: Shaft Self        ||     1
  Use: Scroll            ||     7
Armor: Leather armour    ||    12
Dodge: Dodged            ||    33
